 Dungeon Crawl Stone Soup version 0.24.0-1-gfbc8707122 (webtiles) character file.

Game seed: 12879847635748751272, levelgen mode: deterministic

179 kirsanium the Sneak (level 5, 0/31 HPs)
             Began as an Octopode Wizard on Oct 28, 2019.
             Slain by a centaur (4 damage)
             ... on level 4 of the Dungeon.
             The game lasted 00:05:23 (5335 turns).

kirsanium the Sneak (Octopode Wizard)               Turns: 5335, Time: 00:05:25

Health: 0/31       AC:  1    Str:  6    XL:     5   Next: 59%
Magic:  5/10       EV: 19    Int: 24    God:
Gold:   253        SH:  0    Dex: 16    Spells: 8/11 levels left

rFire    . . .     SeeInvis .   b - +0 short sword
rCold    . . .     Gourm    .   (no shield)
rNeg     . . .     Faith    .   a - +0 hat
rPois    .         Spirit   .   (no amulet)
rElec    .         Reflect  .   s - ring of stealth
rCorr    .         Harm     .   t - +3 ring of intelligence
MR       .....                  (no ring)
Stlth    ++++++....             (no ring)
HPRegen  0.10/turn              (no ring)
MPRegen  0.12/turn              (no ring)
                                (no ring)
                                (no ring)

@: agile
A: almost no armour, stealthy swim, amphibious, 8 rings, constrict 8, camouflage
1, gelatinous body 1
a: no special abilities


You were on level 4 of the Dungeon.
You were hungry.

You visited 1 branch of the dungeon, and saw 4 of its levels.

You collected 253 gold pieces.

Inventory:

Hand Weapons
 b - a +0 short sword (weapon)
Missiles
 e - 7 boomerangs of dispersal (quivered)
Armour
 a - a +0 hat (worn)
Jewellery
 s - a ring of stealth (left tentacle)
 t - a +3 ring of intelligence (right tentacle)
Wands
 x - a wand of iceblast (10)
Scrolls
 d - 2 scrolls of immolation {unknown}
 f - 4 scrolls of teleportation {unknown}
 h - 3 scrolls of remove curse {unknown}
 k - a scroll of magic mapping {unknown}
 o - a scroll of amnesia {unknown}
 p - a scroll of blinking {unknown}
 r - a scroll of fear {unknown}
 u - a scroll of enchant weapon {unknown}
 w - a scroll of identify {unknown}
 y - a scroll of enchant armour {unknown}
Potions
 g - 3 potions of heal wounds {unknown}
 i - a potion of lignification {unknown}
 l - a potion of invisibility {unknown}
 m - a potion of curing {unknown}
 n - a potion of berserk rage {unknown}
 q - a potion of flight {unknown}
 v - a potion of mutation {unknown}
Comestibles
 c - 5 rations


   Skills:
 - Level 2.0 Dodging
 - Level 5.0 Stealth
 + Level 3.7 Spellcasting
 + Level 2.2 Conjurations
 * Level 2.9 Summonings
   Level 1.0 Translocations


You had 8 spell levels left.
You knew the following spells:

 Your Spells              Type           Power        Failure   Level  Hunger
a - Magic Dart            Conj           ###.         4%          1    None
b - Call Imp              Summ           ###.....     4%          2    #......

Your spell library contained the following spells:

 Spells                   Type           Power        Failure   Level  Hunger
 Blink                    Tloc           N/A          10%         2    #......
 Slow                     Hex            #.......     16%         2    #......
 Conjure Flame            Conj/Fire      #.......     19%         3    ###....
 Mephitic Cloud           Conj/Pois/Air  #.......     22%         3    ###....


Dungeon Overview and Level Annotations

Branches:
Dungeon (4/15)
 Temple: D:4-7

Altars:


Innate Abilities, Weirdness & Mutations

You cannot wear most types of armour.
You are very stealthy in the water. (Stealth+)
You are amphibious.
You can wear up to eight rings at the same time.
You can use your tentacles to constrict eight enemies at once.
Your skin changes colour to match your surroundings (Stealth+).
Your rubbery body absorbs attacks. (AC +1, EV +1)


Message History

Casting: Magic Dart (safe; 4% risk of failure)
Confirm with . or Enter, or press ? or * to list all spells.
Aiming: Magic Dart (safe; 4% risk of failure)
Press: ? - help, Shift-Dir - straight line, f/p - centaur
Aim: a centaur (lightly wounded)
The magic dart hits the centaur.
The centaur is moderately wounded.
The centaur hits you!
* * * LOW HITPOINT WARNING * * *
The centaur misses you.
It was a potion of agility.
You feel agile all of a sudden. The centaur misses you.
Casting: Magic Dart (safe; 4% risk of failure)
Confirm with . or Enter, or press ? or * to list all spells.
A beastly little devil appears in a puff of frigid air.
The centaur hits you.
* * * LOW HITPOINT WARNING * * *
The centaur hits you.
You die...

......# ......##
#.....# .......##
#..... ........# #....
........## #...#
.........# #...
.........# #Z5
........# #c#
.......## #@# .....###
##.#
....###########..#
................##
....###########..##
....## ##...#
.....#########...#..
#....#......#...###..#
#....#.........## ##.


You could see a centaur, a bullfrog skeleton and a friendly white imp.

Vanquished Creatures
  2 worker ants (D:4)
  An adder (D:4)
  2 oozes
  A worm (D:3)
  A dart slug (D:1)
  4 leopard geckos
  2 orcs
  6 bats
  2 giant cockroaches
  9 goblins
  4 hobgoblins
  8 jackals
  3 quokkas
  A ball python (D:1)
  A ball python skeleton (D:4)
  5 frilled lizards
  6 kobolds
  9 rats
67 creatures vanquished.

Vanquished Creatures (collateral kills)
  A hound (D:4)
  A worker ant (D:3)
  A gnoll (D:1)
  An ooze (D:2)
  A giant cockroach (D:1)
  A hobgoblin (D:1)
  3 jackals (D:2)
  A kobold (D:1)
10 creatures vanquished.

Grand Total: 77 creatures vanquished

Notes
Turn   | Place    | Note
-------+----------+-------------------------------------------
     0 | D:1      | kirsanium the Octopode Wizard began the quest for the Orb.
     0 | D:1      | Reached XP level 1. HP: 11/11 MP: 4/4
    32 | D:1      | Reached skill level 3 in Stealth
    46 | D:1      | Reached XP level 2. HP: 8/17 MP: 6/6
   343 | D:1      | Learned a level 2 spell: Call Imp
   871 | D:1      | Reached XP level 3. HP: 17/21 MP: 7/7
  1399 | D:2      | Reached skill level 4 in Stealth
  2405 | D:2      | Reached XP level 4. HP: 27/27 MP: 8/8
  4245 | D:4      | Reached skill level 5 in Stealth
  4245 | D:4      | Reached XP level 5. HP: 8/31 MP: 4/10
  5300 | D:4      | Noticed a centaur
  5335 | D:4      | Slain by a centaur

Levels and vault maps discovered:
D:1:      dpeg_arrival_erosion, layout_loops_ring, minivault_23,
          roderic_serpentine_path, minmay_small_reverse_x
D:2:      layout_basic
D:3:      layout_basic, corexii_shack
D:4:      layout_cave_pods

Skill      XL: |  1  2  3  4 |
---------------+-------------+-----
Stealth        | 3 4 5 |  5.0
Summonings     | 2 |  2.9
Conjurations   | 2 |  2.2
Dodging        | |  2.0
Spellcasting   | |  3.7
Translocations | |  1.0

Action                   |  1- 3 |  4- 6 || total
-------------------------+-------+-------++-------
Melee: Unarmed           |    49 |       ||    49
       Constrict         |    25 |    15 ||    40
       Tentacles         |    16 |    11 ||    27
       Short sword       |    56 |    91 ||   147
 Cast: Magic Dart        |     2 |    13 ||    15
       Call Imp          |     5 |    11 ||    16
  Use: Potion            |       |     1 ||     1
 Stab: Sleeping          |    10 |    12 ||    22
  Eat: Chunk             |     4 |     6 ||    10
       Ration            |       |     1 ||     1
Armor: Skin              |    10 |     6 ||    16
Dodge: Dodged            |    77 |    66 ||   143
